 Dungeon Crawl Stone Soup version 0.27.0-1-g7a089689b8 (webtiles) character file.

Game seed: 16604000897562129144

142 pkoi the Ruffian (level 5, 0/48 HPs)
             Began as a Troll Brigand on Aug 6, 2021.
             Slain by a goblin (2 damage)
             ... led by Robin
             ... on level 3 of the Dungeon.
             The game lasted 00:02:05 (1621 turns).

pkoi the Ruffian (Troll Brigand)                    Turns: 1621, Time: 00:02:06

Health: 0/48       AC:  6    Str: 20    XL:     5   Next: 3%
Magic:  4/4        EV:  9    Int:  7    God:
Gold:   87         SH:  0    Dex: 11    Spells: 4/4 levels left

rFire    . . .     SeeInvis .     - Unarmed
rCold    . . .     Faith    .   (no shield)
rNeg     . . .     Spirit   .   b - +0 robe
rPois    .         Reflect  .   (helmet restricted)
rElec    .         Harm     .   c - +1 cloak
rCorr    .         Rampage  .   (gloves unavailable)
Will     .....                  (boots unavailable)
Stlth    ++........             (no amulet)
HPRegen  1.16/turn              (no ring)
MPRegen  0.09/turn              (no ring)

@: lethally poisoned (0 -> -4), hasted, very quick
A: large, unfitting armour, claws 3, regeneration 1, shaggy fur 1, tough skin 1
a: no special abilities


You were on level 3 of the Dungeon.
You visited 1 branch of the dungeon, and saw 3 of its levels.

You collected 87 gold pieces.

Inventory:

Hand Weapons
 a - a +2 dagger
Missiles
 d - 8 poisoned darts (quivered)
 e - 2 curare-tipped darts
Armour
 b - a +0 robe (worn)
 c - a +1 cloak (worn)
Scrolls
 h - a scroll of holy word
 i - a scroll of silence {unknown}
Potions
 g - 2 potions of lignification {unknown}
 j - a potion of heal wounds {unknown}
 k - a potion of might {unknown}


   Skills:
 - Level 1.5 Fighting
 - Level 1.5 Short Blades
 - Level 1.7 Throwing
 - Level 0.7 Dodging
 - Level 2.1 Stealth
 + Level 4.7 Unarmed Combat


You had 4 spell levels left.
You didn't know any spells.
Your spell library was empty.

Dungeon Overview and Level Annotations

Branches:
Dungeon (3/15)

Altars:

Annotations:
D:3 Robin


Innate Abilities, Weirdness & Mutations

You are too large for most types of armour.
You have claws for hands.
Your natural rate of healing is unusually fast.
You are covered in fur. (AC +1)
You have tough skin. (AC +1)


Message History

The goblin is heavily wounded.
The adder closely misses you. The goblin closely misses you.
The goblin hits you with a +0 dagger.
You scratch the goblin.
You kill the goblin!
The goblin dissolves into shadows!
The endoplasm dissolves into shadows!
The adder bites you.
You are poisoned.
The adder poisons you! Robin hits you with a +0 spear.
The adder bites you but does no damage.
You feel sick. Robin throws the goblin at you!
Things that are here:
a +0 dagger; a +0 club; a +0 club Unknown command.
You closely miss the goblin.
You feel sick. Robin hits you but does no damage.
The goblin hits you with a +0 dagger. The adder bites you.
You are more poisoned.
The adder poisons you! The goblin closely misses you.
You closely miss the goblin.
You feel sick. The adder barely misses you. Robin throws the goblin at you!
The goblin closely misses you. x2
You closely miss the goblin.
You feel sick. The adder completely misses you.
The goblin hits you with a +0 club. The goblin hits you but does no damage.
The goblin hits you with a +0 club. The adder bites you.
You closely miss the goblin.
You feel sick. The goblin barely misses you. x2
The adder misses you. The goblin closely misses you.
You barely miss the goblin.
You feel sick. The adder bites you.
* * * LOW HITPOINT WARNING * * *
You are more poisoned.
The adder poisons you! The goblin hits you but does no damage.
Robin hits you from afar with a +0 spear.
* * * LOW HITPOINT WARNING * * *
The goblin hits you but does no damage. The goblin hits you with a +0 club.
* * * LOW HITPOINT WARNING * * *
It was a potion of haste.
You feel yourself speed up.
* * * LOW HITPOINT WARNING * * *
You feel sick. The adder bites you.
* * * LOW HITPOINT WARNING * * *
You are more poisoned.
The adder poisons you! The goblin hits you with a +0 club.
You die...

####.######
####......# #.#
..........+ .. #.#
####......# .###.#
#......# ..##.#
#......# #.##.#
####......#.##.##.#
...)........##.##.####
......†........g@Sgg.#
...........###)g#gg..#
...............<#g...#
............###.#....#
............#
#.#......
####.######.#
#.#.#..... #.# #.#
#.#.#.....# #.######.#
#.#.#.....© #...)....#
#.#


You could see Robin, an adder, 2 hobgoblins and 4 goblins.

Vanquished Creatures
  Natasha (D:2)
  A gnoll (D:1)
  4 adders
  An adder skeleton (D:2)
  A worm (D:2)
  A dart slug (D:1)
  4 bats
  4 endoplasms
  7 hobgoblins
  6 jackals (D:1)
  A quokka (D:3)
  5 ball pythons
  8 frilled lizards
  7 goblins
  5 kobolds
  6 rats
62 creatures vanquished.

Notes
Turn   | Place    | Note
-------+----------+-------------------------------------------
     0 | D:1      | pkoi the Troll Brigand began the quest for the Orb.
     0 | D:1      | Reached XP level 1. HP: 19/19 MP: 0/0
    39 | D:1      | Reached skill level 1 in Unarmed Combat
    69 | D:1      | Reached skill level 2 in Unarmed Combat
    69 | D:1      | Reached XP level 2. HP: 27/27 MP: 1/1
   401 | D:1      | Found a faded altar of an unknown god.
   411 | D:1      | Reached XP level 3. HP: 33/33 MP: 2/2
   476 | D:1      | Reached skill level 3 in Unarmed Combat
   970 | D:2      | Reached XP level 4. HP: 38/41 MP: 3/3
  1056 | D:2      | Reached skill level 4 in Unarmed Combat
  1194 | D:2      | Noticed Natasha
  1203 | D:2      | Killed Natasha
  1602 | D:3      | Noticed Robin
  1605 | D:3      | Reached XP level 5. HP: 48/48 MP: 4/4
  1621 | D:3      | HP: 2/48 [adder (1)]
  1621 | D:3      | Slain by a goblin

Illustrated notes

Levels and vault maps discovered:
D:1:      mushboom_english_gardens, layout_loops_ring,
          ebering_ecumenical_altar_hall
D:2:      layout_basic, hangedman_decor_opposing, minmay_pentomino_w2,
          uniq_natasha
D:3:      layout_basic, gammafunk_ghost_stat_death, uniq_robin

Skill      XL: |  1  2  3  4 |
---------------+-------------+-----
Unarmed Combat | 2 3 4 |  4.7
Fighting       | |  1.5
Short Blades   | |  1.5
Throwing       | |  1.7
Dodging        | |  0.7
Stealth        | |  2.1

Action                   |  1- 3 |  4- 6 || total
-------------------------+-------+-------++-------
Melee: Unarmed           |   126 |    43 ||   169
  Use: Scroll            |     4 |       ||     4
       Potion            |       |     1 ||     1
 Stab: Sleeping          |     6 |     3 ||     9
Armor: Robe              |    52 |    22 ||    74
Dodge: Dodged            |    62 |    23 ||    85
